TL
ALBUQUERQUE DUKES @ EL PASO SUN KINGS
08/21/1982
 
TOP OF THE 1ST
Albuquerque Dukes batting - Pitching for El Paso Sun Kings : LHP Michael Tulacz
Pitching: LHP Michael Tulacz
Batting: RHB Kevin Harvey 0-0: Ground out U3 (Groundball, 34S, EV 91.3 MPH)
Batting: RHB Steven Patterson 0-0: Ball
1-0: Called Strike
1-1: Ball
2-1: Swinging Strike
2-2: Foul Ball, location: 2F
2-2: Ball
3-2: Fly out, F8 (Line Drive, 8LM, EV 89.4 MPH)
Batting: LHB Dave Yobs 0-0: Ball
1-0: Called Strike
1-1: Ground out 4-3 (Groundball, 34D, EV 102.5 MPH)
Top of the 1st over - 0 runs, 0 hits, 0 errors, 0 left on base; Albuquerque 0 - El Paso 0
BOTTOM OF THE 1ST
El Paso Sun Kings batting - Pitching for Albuquerque Dukes : RHP Steve Walker
Pitching: RHP Steve Walker
Batting: LHB Stanley Hendrickson 0-0: Ball
1-0: Ball
2-0: Ball
3-0: Base on Balls
Batting: RHB Chuckie Canady 0-0: Grounds into double play, 6-4-3 (Groundball, 6M, EV 105.6 MPH)
Batting: SHB Danny Torres 0-0: Ball
1-0: Foul Ball, location: 2F
1-1: Ball
2-1: Foul Ball, location: 2F
2-2: Ground out 6-3 (Groundball, 6M, EV 86.3 MPH)
Bottom of the 1st over - 0 runs, 0 hits, 0 errors, 0 left on base; Albuquerque 0 - El Paso 0
TOP OF THE 2ND
Albuquerque Dukes batting - Pitching for El Paso Sun Kings : LHP Michael Tulacz
Batting: RHB James Oros 0-0: Foul Ball, location: 2F
0-1: Ball
1-1: Called Strike
1-2: Strikes out looking
Batting: RHB Mark Maher 0-0: Ball
1-0: Foul Ball, location: 2F
1-1: Fly out, F7 (Line Drive, 7, EV 111.9 MPH)
Batting: LHB Andres Romero 0-0: Ball
1-0: Ball
2-0: Foul Ball, location: 2F
2-1: Ground out U3 (Groundball, 34, EV 101.3 MPH)
Top of the 2nd over - 0 runs, 0 hits, 0 errors, 0 left on base; Albuquerque 0 - El Paso 0
BOTTOM OF THE 2ND
El Paso Sun Kings batting - Pitching for Albuquerque Dukes : RHP Steve Walker
Batting: RHB Jon Hansen 0-0: Called Strike
0-1: Reached on error, E9 (Flyball, 9, EV 85.0 MPH)
Batting: RHB Jimmy Waugh 0-0: Swinging Strike
0-1: Ball
1-1: Fly out, F9 (Flyball, 9D, EV 99.4 MPH)
Batting: RHB Danny Ramires 0-0: Ball
1-0: Ball
2-0: Ball
3-0: Base on Balls
Jon Hansen to second
Batting: SHB Wayne Stone 0-0: Called Strike
0-1: Fielders Choice at 2nd, 4-6 (Groundball, 4, EV 95.0 MPH)
Jon Hansen to third
Batting: RHB Cecil Strawn 0-0: Ball
1-0: Called Strike
1-1: Foul Ball, location: 2F
1-2: Ball
2-2: Fly out, F8 (Flyball, 8LD, EV 86.9 MPH)
Bottom of the 2nd over - 0 runs, 0 hits, 1 error, 2 left on base; Albuquerque 0 - El Paso 0
TOP OF THE 3RD
Albuquerque Dukes batting - Pitching for El Paso Sun Kings : LHP Michael Tulacz
Batting: RHB Edward Gates 0-0: Called Strike
0-1: Called Strike
0-2: Strikes out swinging
Batting: LHB John Elder 0-0: Foul Ball, location: 2F
0-1: Ball
1-1: Fly out, F5 (Popup, 5, EV 61.9 MPH)
Batting: LHB Sal Rende 0-0: Ball
1-0: Ball
2-0: Ball
3-0: Base on Balls
Batting: RHB Kevin Harvey 0-0: Ball
1-0: Foul Ball, location: 2F
1-1: Ball
2-1: Foul Ball, location: 2F
2-2: Ground out 4-3 (Groundball, 34, EV 90.0 MPH)
Top of the 3rd over - 0 runs, 0 hits, 0 errors, 1 left on base; Albuquerque 0 - El Paso 0
BOTTOM OF THE 3RD
El Paso Sun Kings batting - Pitching for Albuquerque Dukes : RHP Steve Walker
Batting: RHB Carlos Rios 0-0: Called Strike
0-1: Ball
1-1: Ground out 2-3 (Groundball, 13S, EV 68.8 MPH)
Batting: LHB Stanley Hendrickson 0-0: Swinging Strike
0-1: Swinging Strike
0-2: Ground out 4-3 (Groundball, 4S, EV 83.8 MPH)
Batting: RHB Chuckie Canady 0-0: Foul Ball, location: 2F
0-1: Ball
1-1: Foul Ball, location: 2F
1-2: Foul Ball, location: 2F
1-2: Strikes out swinging, 2-3 out at first.
Bottom of the 3rd over - 0 runs, 0 hits, 0 errors, 0 left on base; Albuquerque 0 - El Paso 0
TOP OF THE 4TH
Albuquerque Dukes batting - Pitching for El Paso Sun Kings : LHP Michael Tulacz
Batting: RHB Steven Patterson 0-0: Fly out, F6 (Popup, 6S, EV 66.9 MPH)
Batting: LHB Dave Yobs 0-0: Ball
1-0: Ball
2-0: Called Strike
2-1: Ground out 1-3 (Groundball, 25, EV 68.8 MPH)
Batting: RHB James Oros 0-0: Fly out, F4 (Popup, 4M, EV 70.6 MPH)
Top of the 4th over - 0 runs, 0 hits, 0 errors, 0 left on base; Albuquerque 0 - El Paso 0
BOTTOM OF THE 4TH
El Paso Sun Kings batting - Pitching for Albuquerque Dukes : RHP Steve Walker
Batting: SHB Danny Torres 0-0: Ball
1-0: Called Strike
1-1: Swinging Strike
1-2: Ball
2-2: Strikes out looking
Batting: RHB Jon Hansen 0-0: Swinging Strike
0-1: Swinging Strike
0-2: Ball
1-2: Strikes out swinging
Batting: RHB Jimmy Waugh 0-0: Called Strike
0-1: Swinging Strike
0-2: Strikes out swinging
Bottom of the 4th over - 0 runs, 0 hits, 0 errors, 0 left on base; Albuquerque 0 - El Paso 0
TOP OF THE 5TH
Albuquerque Dukes batting - Pitching for El Paso Sun Kings : LHP Michael Tulacz
Batting: RHB Mark Maher 0-0: Swinging Strike
0-1: Ball
1-1: Ball
2-1: Foul Ball, location: 2F
2-2: Foul Ball, location: 2F
2-2: Ball
3-2: Strikes out swinging, 2-3 out at first.
Batting: LHB Andres Romero 0-0: Ball
1-0: Called Strike
1-1: Swinging Strike
1-2: SOLO HOME RUN (Flyball, 9D, EV 101.3 MPH), Distance : 383 ft
Batting: RHB Edward Gates 0-0: Called Strike
0-1: Ball
1-1: Called Strike
1-2: Strikes out swinging
Batting: LHB John Elder 0-0: Called Strike
0-1: Called Strike
0-2: DOUBLE (Line Drive, 78M, EV 112.5 MPH)
Batting: LHB Sal Rende 0-0: Ball
1-0: DOUBLE (Line Drive, 3D, EV 93.8 MPH)
John Elder scores
Batting: RHB Kevin Harvey 0-0: Ball
1-0: Ball
2-0: Ball
3-0: Base on Balls
Batting: RHB Steven Patterson 0-0: Ball
1-0: Ball
2-0: Called Strike
2-1: Foul Ball, location: 2F
2-2: Ball
3-2: Fly out, F3 (Popup, 34, EV 83.1 MPH)
Top of the 5th over - 2 runs, 3 hits, 0 errors, 2 left on base; Albuquerque 2 - El Paso 0
BOTTOM OF THE 5TH
El Paso Sun Kings batting - Pitching for Albuquerque Dukes : RHP Steve Walker
Batting: RHB Danny Ramires 0-0: Foul Ball, location: 2F
0-1: Swinging Strike
0-2: SINGLE (Groundball, 34D, EV 98.1 MPH)
Batting: SHB Wayne Stone 0-0: Foul Ball, location: 2F
0-1: Ball
1-1: Fielders Choice at 2nd, 5-4 (Groundball, 5, EV 96.9 MPH)
Batting: RHB Cecil Strawn 0-0: Ball
1-0: Ball
2-0: Called Strike
2-1: Fly out, F6 (Flyball, 56D, EV 92.5 MPH)
Batting: RHB Carlos Rios 0-0: Ball
1-0: Ball
2-0: Ball
3-0: Called Strike
3-1: Called Strike
3-2: Ground out 5-3 (Groundball, 56, EV 101.9 MPH)
Bottom of the 5th over - 0 runs, 1 hit, 0 errors, 1 left on base; Albuquerque 2 - El Paso 0
TOP OF THE 6TH
Albuquerque Dukes batting - Pitching for El Paso Sun Kings : LHP Michael Tulacz
Batting: LHB Dave Yobs 0-0: Called Strike
0-1: Ground out 6-3 (Groundball, 56, EV 104.4 MPH)
Batting: RHB James Oros 0-0: Called Strike
0-1: Fly out, F4 (Popup, 4, EV 61.3 MPH)
Batting: RHB Mark Maher 0-0: Fly out, F3 (Popup, 3F, EV 61.9 MPH)
Top of the 6th over - 0 runs, 0 hits, 0 errors, 0 left on base; Albuquerque 2 - El Paso 0
BOTTOM OF THE 6TH
El Paso Sun Kings batting - Pitching for Albuquerque Dukes : RHP Steve Walker
Batting: LHB Stanley Hendrickson 0-0: Ball
1-0: Foul Ball, location: 2F
1-1: Ground out 5-3 (Groundball, 56, EV 88.8 MPH)
Batting: RHB Chuckie Canady 0-0: Ball
1-0: Ball
2-0: Ball
3-0: Base on Balls
Batting: SHB Danny Torres 0-0: Called Strike
Chuckie Canady steals 2nd base
0-1: Ball
1-1: Ball
2-1: Swinging Strike
2-2: Ball
3-2: Ground out 4-3 (Groundball, 4M, EV 83.8 MPH)
Chuckie Canady to third
Batting: RHB Jon Hansen 0-0: Foul Ball, location: 2F
0-1: Called Strike
0-2: SINGLE (Groundball, 56S, EV 75.6 MPH) (infield hit)
Chuckie Canady scores
Batting: RHB Jimmy Waugh 0-0: Fly out, F9 (Flyball, 9LM, EV 77.5 MPH)
Bottom of the 6th over - 1 run, 1 hit, 0 errors, 1 left on base; Albuquerque 2 - El Paso 1
TOP OF THE 7TH
Albuquerque Dukes batting - Pitching for El Paso Sun Kings : LHP Michael Tulacz
Batting: LHB Andres Romero 0-0: Ball
1-0: Ball
2-0: Ball
3-0: Called Strike
3-1: Base on Balls
Batting: RHB Edward Gates 0-0: Bunt missed!
0-1: Bunt missed!
0-2: Ball
Andres Romero is caught stealing 2nd base 2-4
1-2: Ball
2-2: Foul Ball, location: 2F
2-2: Ball
3-2: Fly out, F4 (Popup, 3S, EV 42.5 MPH)
Batting: LHB John Elder 0-0: Called Strike
0-1: Ball
1-1: Fly out, F6 (Popup, 6, EV 56.3 MPH)
Top of the 7th over - 0 runs, 0 hits, 0 errors, 0 left on base; Albuquerque 2 - El Paso 1
BOTTOM OF THE 7TH
El Paso Sun Kings batting - Pitching for Albuquerque Dukes : RHP Steve Walker
Batting: RHB Danny Ramires 0-0: Foul Ball, location: 2F
0-1: Ball
1-1: Foul Ball, location: 2F
1-2: Strikes out swinging
Batting: SHB Wayne Stone 0-0: Ball
1-0: Foul Ball, location: 2F
1-1: Fly out, F6 (Popup, 6S, EV 67.5 MPH)
Batting: RHB Cecil Strawn 0-0: Ground out 5-3 (Groundball, 56S, EV 84.4 MPH)
Bottom of the 7th over - 0 runs, 0 hits, 0 errors, 0 left on base; Albuquerque 2 - El Paso 1
TOP OF THE 8TH
Albuquerque Dukes batting - Pitching for El Paso Sun Kings : LHP Michael Tulacz
Batting: LHB Sal Rende 0-0: Called Strike
0-1: Called Strike
0-2: Ball
1-2: Ball
2-2: Ball
3-2: Foul Ball, location: 2F
3-2: Foul Ball, location: 2F
3-2: Strikes out swinging
Batting: RHB Kevin Harvey 0-0: Fly out, F9 (Flyball, 89S, EV 96.3 MPH)
Batting: RHB Steven Patterson 0-0: Ball
1-0: Foul Ball, location: 2F
1-1: Ball
2-1: Fly out, F7 (Flyball, 7LS, EV 88.1 MPH)
Top of the 8th over - 0 runs, 0 hits, 0 errors, 0 left on base; Albuquerque 2 - El Paso 1
BOTTOM OF THE 8TH
El Paso Sun Kings batting - Pitching for Albuquerque Dukes : RHP Steve Walker
Batting: RHB Carlos Rios 0-0: Foul Ball, location: 2F
0-1: Foul Ball, location: 2F
0-2: Ground out 1-3 (Groundball, 13S, EV 61.9 MPH)
Batting: LHB Stanley Hendrickson 0-0: Ball
1-0: Ball
2-0: Ball
3-0: Called Strike
3-1: Foul Ball, location: 2F
3-2: Base on Balls
Batting: RHB Chuckie Canady 0-0: Ball
1-0: Fly out, F8 (Flyball, 8RXD, EV 99.4 MPH)
Batting: SHB Danny Torres 0-0: Fielders Choice at 2nd, 5-4 (Groundball, 5, EV 101.9 MPH)
Bottom of the 8th over - 0 runs, 0 hits, 0 errors, 1 left on base; Albuquerque 2 - El Paso 1
TOP OF THE 9TH
Albuquerque Dukes batting - Pitching for El Paso Sun Kings : LHP Michael Tulacz
Pitching: RHP Dave Shipanoff
Batting: LHB Dave Yobs 0-0: Called Strike
0-1: Ball
1-1: Fly out, F6 (Popup, 6, EV 58.8 MPH)
Batting: RHB James Oros 0-0: Called Strike
0-1: Ball
1-1: Ground out 6-3 (Groundball, 6, EV 101.3 MPH)
Batting: RHB Mark Maher 0-0: Ball
1-0: Called Strike
1-1: Ball
2-1: Ball
3-1: Foul Ball, location: 2F
3-2: Base on Balls
Batting: LHB Andres Romero 0-0: Ball
1-0: Ball
2-0: Ball
3-0: Called Strike
3-1: Base on Balls
Mark Maher to second
Batting: RHB Edward Gates 0-0: Called Strike
0-1: Swinging Strike
0-2: Strikes out swinging
Top of the 9th over - 0 runs, 0 hits, 0 errors, 2 left on base; Albuquerque 2 - El Paso 1
BOTTOM OF THE 9TH
El Paso Sun Kings batting - Pitching for Albuquerque Dukes : RHP Steve Walker
Pitching: RHP James Quinn
Pinch Hitting: SHB Keith Thrower 0-0: Ball
1-0: Foul Ball, location: 2F
1-1: Ball
2-1: Ground out 5-3 (Groundball, 56, EV 81.9 MPH)
Batting: LHB Kevin Knuth 0-0: Called Strike
0-1: Called Strike
0-2: Ground out 4-3 (Groundball, 34, EV 99.4 MPH)
Batting: RHB Danny Ramires 0-0: Called Strike
0-1: Ball
1-1: Swinging Strike
1-2: Ball
2-2: Ball
3-2: Base on Balls
Batting: SHB Wayne Stone 0-0: Ground out 4-3 (Groundball, 34, EV 83.8 MPH)
Bottom of the 9th over - 0 runs, 0 hits, 0 errors, 1 left on base; Albuquerque 2 - El Paso 1
Monday, August 24th, 2020 - OOTP Baseball 21.5 Build 76